 Dungeon Crawl Stone Soup version 0.19-a0-812-g33f3bc8 (webtiles) character file.

3600 Implojin the Cleaver (level 9, -17/121 HPs)
             Began as a Minotaur Berserker on June 28, 2016.
             Was a Believer of Trog.
             Demolished by a shadow (29 damage)
             ... on level 11 of the Dungeon.
             The game lasted 00:16:19 (1859 turns).

Implojin the Cleaver (Minotaur Berserker)           Turns: 1859, Time: 00:16:19

Health: -17/121    AC:  8    Str: 26    XL:     9   Next: 85%
Magic:  8/8        EV: 12    Int:  4    God:    Trog [**....]
Gold:   448        SH:  0    Dex: 14    Spells: 0 memorised, 8 levels left

rFire  + . .     SeeInvis .     y - +0 battleaxe
rCold  . . .     Gourm    .     x - +3 ring mail {rF+}
rNeg   + . .     Faith    .     (shield currently unavailable)
rPois  .         Spirit   .     (helmet restricted)
rElec  .         Dismiss  .     (no cloak)
rCorr  .         Reflect  .     (no gloves)
SustAt .         Harm     .     (no boots)
MR     ++...                    (no amulet)
Stlth  ..........               q - +3 ring of slaying
                                r - ring of positive energy

@: berserking (expiring), lethally poisoned (-17 -> -18), regenerating, slowed,
very resistant to hostile enchantments, extremely unstealthy
A: retaliatory headbutt, horns 2
a: Berserk, Trog's Hand, Burn Spellbooks, Renounce Religion


You were on level 11 of the Dungeon.
You worshipped Trog.
Trog was pleased with you.
You were hungry.

You visited 1 branch of the dungeon, and saw 11 of its levels.
You visited the Abyss 1 time.

You collected 448 gold pieces.

Inventory:

Hand Weapons
 a - a +0 hand axe
 y - a +0 battleaxe (weapon)
 A - a cursed +1 war axe of freezing
 C - a +2 spear of distortion
Missiles
 E - 4 tomahawks (quivered)
Armour
 b - a +0 animal skin
 d - a +0 chain mail
 e - a +0 ring mail
 n - a +0 scale mail
 w - a +0 plate armour
 x - a +3 ring mail of fire resistance (worn)
 I - a +0 shield
Jewellery
 k - an uncursed ring of magical power
 q - a +3 ring of slaying (right hand)
 r - a ring of positive energy (left hand)
Scrolls
 g - a scroll of recharging {unknown}
 h - 2 scrolls of random uselessness {unknown}
 o - 2 scrolls of noise
 s - a scroll of teleportation {unknown}
 t - a scroll of fog {unknown}
 u - 2 scrolls of remove curse
 D - a scroll of blinking {unknown}
 G - a scroll of amnesia {unknown}
Potions
 i - 2 potions of brilliance
 l - a potion of flight
 m - a potion of might
 p - a potion of lignification
 v - a potion of haste {unknown}
 B - 4 potions of berserk rage
Comestibles
 c - 4 bread rations
 j - a meat ration
 z - a fruit
 H - a royal jelly


   Skills:
 - Level 8.1 Fighting
 * Level 14.8 Axes
 - Level 2.4 Armour
 - Level 2.1 Dodging


You had 8 spell levels left.
You didn't know any spells.

Dungeon Overview and Level Annotations

Branches:
Dungeon (11/15)              Lair (0/6) D:8
 Temple: D:4-7          Orc: D:9-12

Altars:
Ashenzari
Dithmenos
Hepliaklqana
Makhleb
Sif Muna

Annotations:
D:2 exclusion: upstairs
D:10 Sonja


Innate Abilities, Weirdness & Mutations

You reflexively headbutt those who attack you in melee.
You have a pair of horns on your head.


Message History

The curare-tipped needle closely misses you.
Sonja shoots a curare-tipped needle.
The curare-tipped needle barely misses you.
A red film seems to cover your vision as you go berserk!
You feel yourself moving faster!
You feel mighty!
You feel somewhat more hungry.
You feel very sick.
Sonja gestures wildly while chanting.
Sonja blinks!
Unknown command.
You feel a strong urge to attack something.
You feel sick.
You climb downwards.
You feel very sick. The shadow hits you.
* * * LOW HITPOINT WARNING * * *
The troll bites you.
* * * LOW HITPOINT WARNING * * *
The troll claws you.
* * * LOW HITPOINT WARNING * * *
The troll closely misses you. The shadow hits you. The troll misses you.
You furiously retaliate!
You headbutt the troll!
The troll claws you but does no damage. x2
There is a stone staircase leading up here.
Unknown command.
You slice the troll!!
You kill the troll!
Trog accepts your kill.
You hit the shadow but do no damage.
You feel sick. The shadow hits you.
Unknown command.
You hit the shadow.
The shadow is lightly damaged.
You are feeling hungry.
You feel sick.
The shadow slips into darkness.
The shadow flickers and vanishes!
Deactivating autopickup; reactivate with Ctrl-A.
You barely miss something. You headbutt something.
You feel sick.
The shadow strikes at you from the darkness!
You die...

#.###...#.# # #.....#...### ..
#..####..†.T## ##.. #....
##.##..#####...# W.$...#
#.###.......... ....W..##.#..
#.#######...... $?......#....
####.#....[)......
...........#.###......#####......
...........#....@....## #.)....
[................{#########.)....
...........######## #..........
.......#...# # #.###......
#.........#######... #...?...
#####.###.........# ...##.[.#
#....# #...<..# #### ###..
##.######..###...... .#
...##............... .#


There were no monsters in sight!

Vanquished Creatures
  The ghost of nightshiftgray the Spear-Bearer, a novice MfGl of Ashenzari (D:7)
  A tormentor (Abyss:1)
  A komodo dragon (D:8)
  A two-headed ogre (D:10)
  A troll (D:11)
  A shadow (D:10)
  A swamp drake (D:8)
  4 sky beasts
  A phantom (D:7)
  3 ogres
  A crocodile (D:8)
  A giant frog (D:8)
  A gnoll sergeant (D:8)
  9 wights
  A howler monkey (D:5)
  2 giant frog zombies
  An orc priest (D:6)
  A hound (D:3)
  3 jellies
  6 iguanas
  An orc wizard (D:6)
  2 worker ants
  4 adders
  6 gnolls
  A shadow imp (D:9)
  A white imp (D:10)
  An ufetubus (D:10)
  An adder zombie (D:7)
  2 worms
  A dart slug (D:1)
  A giant gecko (D:2)
  11 orcs
  4 giant cockroaches
  5 goblins
  3 hobgoblins
  A jackal (D:7)
  A quokka (D:5)
  A giant newt (D:2)
  A kobold (D:1)
  A quokka simulacrum (D:10)
  A rat (D:3)
91 creatures vanquished.

Notes
Turn   | Place    | Note
--------------------------------------------------------------
     0 | D:1      | Implojin the Minotaur Berserker began the quest for the Orb.
     0 | D:1      | Reached XP level 1. HP: 19/19 MP: 0/0
    92 | D:1      | Reached skill level 4 in Axes
   125 | D:2      | Reached XP level 2. HP: 20/26 MP: 1/1
   164 | D:2      | Reached skill level 5 in Axes
   230 | D:3      | Reached XP level 3. HP: 16/31 MP: 2/2
   251 | D:3      | Found a burning altar of Makhleb.
   421 | D:3      | Reached XP level 4. HP: 31/39 MP: 3/3
   430 | D:3      | Reached skill level 6 in Axes
   449 | D:3      | Reached ** piety under Trog
   557 | D:5      | Entered Level 5 of the Dungeon
   569 | D:5      | Reached skill level 7 in Axes
   569 | D:5      | Reached XP level 5. HP: 27/45 MP: 4/4
   611 | D:5      | Reached skill level 8 in Axes
   624 | D:5      | Noticed a sky beast
   642 | D:5      | Killed a sky beast
   642 | D:5      | Reached XP level 6. HP: 35/51 MP: 5/5
   679 | D:6      | Found a shattered altar of Ashenzari.
   715 | D:6      | Reached skill level 9 in Axes
   816 | D:7      | Noticed a sky beast
   824 | D:7      | Reached XP level 7. HP: 57/57 MP: 6/6
   825 | D:7      | Cast into level 1 of the Abyss (gnoll)
   875 | Abyss:1  | Noticed an orange demon
   889 | Abyss:1  | Noticed a spatial vortex
   894 | Abyss:1  | Reached skill level 10 in Axes
   898 | Abyss:1  | Noticed a tormentor
   902 | Abyss:1  | Noticed an orange demon
   905 | Abyss:1  | Killed a tormentor
   907 | D:7      | Escaped the Abyss
   907 | D:7      | Reached skill level 11 in Axes
   911 | D:7      | Reached XP level 8. HP: 56/64 MP: 7/7
   953 | D:7      | Noticed nightshiftgray's ghost (novice MfGl)
   964 | D:7      | Reached skill level 12 in Axes
   968 | D:7      | Killed nightshiftgray's ghost
   968 | D:7      | Reached skill level 7 in Fighting
   978 | D:7      | Found a deep blue altar of Sif Muna.
  1087 | D:7      | Reached skill level 8 in Fighting
  1096 | D:7      | Found a shadowy altar of Dithmenos.
  1153 | D:8      | Reached XP level 9. HP: 26/81 MP: 8/8
  1238 | D:8      | Noticed a komodo dragon
  1248 | D:8      | Killed a komodo dragon
  1248 | D:8      | Reached skill level 13 in Axes
  1343 | D:8      | Found a staircase to the Lair.
  1514 | D:9      | Found a hazy altar of Hepliaklqana.
  1535 | D:9      | Reached *** piety under Trog
  1563 | D:10     | Entered Level 10 of the Dungeon
  1708 | D:11     | Reached skill level 14 in Axes
  1741 | D:10     | Noticed Sonja
  1784 | D:11     | Noticed a troll
  1788 | D:11     | Noticed a brown ugly thing
  1857 | D:11     | Killed a troll
  1859 | D:11     | Demolished by a shadow

Vault maps used:
D:1:      matt_arrival_spirals
D:2:      minmay_ruptured
D:3:      makhleb_heckhound_becter, minmay_vboxes
D:4:      portal_sewer_entry_e
D:5:      kennysheep_vampire_church, nicolae_overflow_hidden_temple,
          serial_co_window_serial, co_window_paths_a, co_window_paths_b,
          co_window_paths_b, co_window_paths_a, co_window_of_opportunity_a,
          co_window_corner_ca, co_window_cross_3, co_window_unsneaky_path_c,
          co_window_4corner_a, glass_columns_b, glass_columns_a, first_bread
D:6:      marbit_many_paths, ashenzari_altar_1
D:7:      grunt_dithmenos_shadows, lemuel_coloured_pillars_altar,
          kennysheep_mini
D:8:      erik_lair_dragon, grunt_livestock, hangedman_decor_peaks_small
D:9:      minmay_shop_star, lemuel_doored_altar, serial_shops,
          nicolae_shop_overgrown_old_shop, hangedman_decor_slide_cut,
          st_stairs_4, hangedman_decor_clover_reticule, grunt_decor_resistance
D:10:     serial_ice, serial_ice_m, serial_ice_d, serial_ice_a, serial_ice_c,
          serial_ice_j, serial_ice_n, uniq_snorg, uniq_sonja

Skill      XL: |  1  2  3  4  5  6  7  8  9 |
---------------+----------------------------+-----
Axes           | 4 5 7 8 9 11 12 14 | 14.8
Fighting       | 8 |  8.1
Armour         | |  2.4
Dodging        | |  2.1

Action                   |  1- 3 |  4- 6 |  7- 9 || total
-------------------------+-------+-------+-------++-------
Melee: Hand axe          |    47 |    55 |     1 ||   103
       Headbutt          |     7 |    11 |    25 ||    43
       Battleaxe         |       |       |   117 ||   117
Throw: Throwing net      |       |     2 |       ||     2
Invok: Berserk           |       |     5 |     5 ||    10
       Trog's Hand       |       |     1 |     6 ||     7
  Use: Potion            |       |     2 |     1 ||     3
       Scroll            |       |       |     6 ||     6
  Eat: Chunk             |       |     4 |     5 ||     9
       Bread ration      |       |       |     1 ||     1
       Fruit             |       |       |     2 ||     2
Armor: Chain mail        |    23 |       |       ||    23
       Scale mail        |     4 |    16 |       ||    20
       Ring mail         |       |     4 |    28 ||    32
Dodge: Dodged            |    13 |    39 |    55 ||   107

Table legend:
 A = Turns spent in this place as a percentage of turns spent in the entire game.
 B = Non-inter-level travel turns spent in this place as a percentage of non-inter-level travel turns spent in the entire game.
 C = Inter-level travel turns spent in this place as a percentage of turns spent in this place.
 D = Turns resting spent in this place as a percentage of non-inter-level travel turns spent in this place.
 E = Turns spent auto-exploring this place as a percentage of non-inter-level travel turns spent in this place.
 F = Non-inter-level travel turns spent in this place divided by the number of levels of this place that you've seen.
                   A       B       C       D       E      F
               +-------+-------+-------+-------+-------+----------------------
         Total | 100.0 | 100.0 |   0.0 |   0.7 |   0.0 | 148.8
       Dungeon |  95.2 |  95.2 |   0.0 |   0.7 |   0.0 | 154.5
         Abyss |   4.8 |   4.8 |   0.0 |   0.0 |   0.0 |  86.0
               +-------+-------+-------+-------+-------+----------------------

Table legend:
 A = Kills in this place as a percentage of kills in entire the game.
 B = Kills by you in this place as a percentage of kills by you in the entire game.
 C = Kills by friends in this place as a percentage of kills by friends in the entire game.
 D = Other kills in this place as a percentage of other kills in the entire game.
 E = Experience gained in this place as a percentage of experience gained in the entire game.
 F = Experience gained in this place divided by the number of levels of this place that you have seen.
                   A       B       C       D       E      F
               +-------+-------+-------+-------+-------+----------------------
         Total | 100.0 | 100.0 |  -nan |  -nan | 100.0 | 428.6
       Dungeon |  97.8 |  97.8 |  -nan |  -nan |  92.2 | 430.9
         Abyss |   2.2 |   2.2 |  -nan |  -nan |   7.8 | 403.0
               +-------+-------+-------+-------+-------+----------------------
